 Dungeon Crawl Stone Soup version 0.17.1-3-g152610e (webtiles) character file.

158 Ivanskos the Covered (level 5, 24/49 HPs)
             Began as a Deep Dwarf Fighter on Apr 21, 2016.
             Quit the game on level 2 of the Dungeon.
             The game lasted 00:05:36 (1284 turns).

Ivanskos the Covered (Deep Dwarf Fighter)           Turns: 1284, Time: 00:05:37

Health: 24/49      AC:  8    Str: 20    XL:     5   Next: 16%
Magic:  5/5        EV:  7    Int:  9    God:
Gold:   73         SH:  9    Dex: 12    Spells: 0 memorised, 4 levels left

rFire  . . .     SeeInvis .     a - +0 flail
rCold  . . .     Clarity  .     b - +0 scale mail
rNeg   . . .     SustAt   .     c - +0 shield
rPois  .         Gourm    .     r - +0 helmet
rElec  .         Spirit   .     (no cloak)
rCorr  .         Warding  .     (no gloves)
rMut   .         Stasis   .     (no boots)
MR     .....                    (no amulet)
Stlth  +.........               (no ring)
                                o - ring of stealth

@: mildly poisoned (24 -> 24), non-regenerating, not resistant to hostile
enchantments, very unstealthy
A: damage resistance, recharge devices, sense surroundings 1, slow regeneration
3
a: Device Recharging


You were on level 2 of the Dungeon.
You were not hungry.

You visited 1 branch of the dungeon, and saw 2 of its levels.

You collected 73 gold pieces.

Inventory:

Hand Weapons
 a - a +0 flail (weapon)
Armour
 b - a +0 scale mail (worn)
 c - a +0 shield (worn)
 r - a +0 helmet (worn)
Jewellery
 n - an uncursed amulet of guardian spirit
 o - a ring of stealth (left hand)
Wands
 e - a wand of heal wounds (3)
Scrolls
 g - a scroll of identify {unknown}
 h - a scroll of random uselessness {unknown}
 k - 2 scrolls of magic mapping {unknown}
 l - a scroll of remove curse {unknown}
 m - a scroll of blinking {unknown}
 p - a scroll of teleportation {unknown}
 s - a scroll of amnesia {unknown}
Potions
 d - 3 potions of might
 i - 2 potions of haste {unknown}
 j - a potion of brilliance {unknown}
 q - a potion of degeneration {unknown}
 t - 2 potions of heal wounds {unknown}
 u - 2 potions of curing {unknown}
Comestibles
 f - 2 bread rations


   Skills:
 * Level 3.6 Fighting
 * Level 3.3 Maces & Flails
 * Level 4.8 Armour
 - Level 3.2 Shields


You had 4 spell levels left.
You didn't know any spells.

Dungeon Overview and Level Annotations

Branches:
Dungeon (2/15)

Altars:


Innate Abilities, Weirdness & Mutations

You are resistant to damage.
You can recharge devices by infusing magical energy.
You passively map a small area around you.
You do not regenerate naturally.


Message History

You kill the bat!
Found a smoky golden potion.
You hit the adder.
The adder is lightly wounded.
The adder bites you but does no damage. x2
You miss the adder.
The adder is lightly wounded.
You block the adder's attack. The adder bites you.
You miss the adder.
The adder is lightly wounded.
The adder bites you.
You closely miss the adder. You block the adder's attack. The adder bites you.
You are poisoned.
The adder poisons you!
You miss the adder. The adder bites you but does no damage.
You block the adder's attack.
You closely miss the adder. You block the adder's attack.
The adder bites you but does no damage.
You miss the adder. You block the adder's attack.
Are you sure you want to abandon this character and quit the game? (Confirm with "yes".)

#, #.#†#
#.....
#.##.#.#
#.....
#...†..#
*#+####
####.### *
#†## #..## ,
,
#####...####
,
#...†......+
#.##@..(.###,
#...S.....# ,
* #..##.###.#
* #. *#.# .#
* # ,*#.# .#
* , ... ,.# *
#.# ,* * *
..! , * * , ,


You could see an adder.

Vanquished Creatures
  Ijyb (D:2)
  Jessica (D:2)
  Natasha (D:2)
  Robin (D:2)
  An adder (D:2)
  2 worms (D:2)
  4 bats
  3 giant cockroaches
  5 hobgoblins
  8 jackals
  6 kobolds
  2 ball pythons
  2 giant newts (D:2)
  12 goblins (D:2)
  7 rats
56 creatures vanquished.

Notes
Turn   | Place    | Note
--------------------------------------------------------------
     0 | D:1      | Ivanskos the Deep Dwarf Fighter began the quest for the Orb.
     0 | D:1      | Reached XP level 1. HP: 20/20 MP: 1/1
   184 | D:1      | Reached XP level 2. HP: 5/27 MP: 2/2
   719 | D:2      | Reached XP level 3. HP: 19/34 MP: 3/3
   754 | D:2      | Reached skill level 4 in Armour
  1022 | D:2      | Noticed Jessica
  1023 | D:2      | Noticed Robin
  1042 | D:2      | Killed Robin
  1049 | D:2      | Reached XP level 4. HP: 25/42 MP: 4/4
  1063 | D:2      | Killed Jessica
  1162 | D:2      | Noticed Natasha
  1167 | D:2      | Killed Natasha
  1201 | D:2      | Noticed Ijyb
  1227 | D:2      | Killed Ijyb
  1227 | D:2      | Reached XP level 5. HP: 27/49 MP: 5/5
  1284 | D:2      | Quit the game

Action                   |  1- 3 |  4- 6 || total
-------------------------+-------+-------++-------
Melee: Flail             |   143 |    67 ||   210
Evoke: Wand              |     2 |       ||     2
  Eat: Meat ration       |       |     1 ||     1
